 Dungeon Crawl Stone Soup version 0.28-a0-529-g3bad584f25 (webtiles) character file.

Game seed: 174903009615835541

21704 shoop the Archer (level 12, -6/61 HPs)
             Began as a Vine Stalker Cinder Acolyte on Sept 24, 2021.
             Was a Priest of Ignis.
             Mangled by a death yak (18 damage)
             ... on level 4 of the Lair of Beasts.
             The game lasted 01:13:43 (14975 turns).

shoop the Archer (Vine Stalker Cinder Acolyte)     Turns: 14975, Time: 01:13:44

Health: -6/61      AC: 15    Str: 16    XL:     12   Next: 92%
Magic:  0/22       EV: 13    Int: 16    God:    Ignis [***...]
Gold:   551        SH:  0    Dex: 16    Spells: 19/24 levels left

rFire   + + .      SeeInvis .   a - +8 storm bow {elec, penet}
rCold   x . .      Faith    .   (shield currently unavailable)
rNeg    + + .      Spirit   +   W - +0 troll leather armour
rPois   .          Reflect  .   d - +2 hat
rElec   .          Harm     .   C - +2 cloak
rCorr   .          Rampage  .   J - +0 pair of gloves
Will    +....                   z - +0 pair of boots
Stlth   ++++......              j - amulet of magic regeneration
HPRegen 2.20/turn               I - +4 ring of protection
MPRegen 0.43/turn               w - ring of Free Will {Fire rN++ Str-2 Dex+4}

@: rising, flying, slowed, very slow
A: fangs 3, regeneration 1, magic shield, antimagic bite, no potion heal 2
a: Renounce Religion, Sea of Fire, Foxfire Swarm, Rising Flame


You were on level 4 of the Lair of Beasts.
You worshipped Ignis.
Ignis was most pleased with you.
You visited 2 branches of the dungeon, and saw 15 of its levels.

You collected 1365 gold pieces.
You spent 814 gold pieces at shops.

Inventory:

Hand Weapons
 a - the +8 storm bow (weapon) {elec, penet}
   (You bought it in a shop on level 4 of the Dungeon)

   Any ammunition fired from it occasionally discharges a powerful burst of
   electricity upon striking a foe.
   Any ammunition fired by it passes through the targets it hits, potentially
   hitting all targets in its path until it reaches maximum range.
 b - a +2 scimitar of flaming
 G - a +1 short sword of electrocution
 Y - a +4 quarterstaff of chaos
Missiles
 x - 245 arrows (quivered ammo)
 y - a throwing net
 M - a curare-tipped dart
Armour
 c - a +0 cloak
 d - a +2 hat (worn)
 q - a +0 helmet
 z - a +0 pair of boots (worn)
 B - a +0 robe
 C - a +2 cloak (worn)
 H - the +1 leather armour of Dithmenos's Reproof {Drain rN+++ Int-2 Stlth+}
   (You found it on level 6 of the Dungeon)

   Int:       It affects your intelligence (-2).
   rN:        It renders you almost immune to negative energy.
   Drain:     It drains your maximum health when unequipped.
   Stlth:     It makes you more stealthy.
 J - a +0 pair of gloves (worn)
 W - a +0 troll leather armour (worn)
Jewellery
 j - an amulet of magic regeneration (around neck)
 n - a ring of fire
 r - an amulet of reflection
 s - a ring of protection from fire
 w - the ring of Free Will (right hand) {Fire rN++ Str-2 Dex+4}
   (You found it on level 4 of the Dungeon)

   [ring of fire]

   It enhances your fire magic.
   Str:       It affects your strength (-2).
   Dex:       It affects your dexterity (+4).
   rF:        It protects you from fire.
   rC:        It makes you vulnerable to cold.
   rN:        It greatly protects you from negative energy.
 I - a +4 ring of protection (left hand)
 U - a ring of flight
Wands
 t - a wand of paralysis (10)
 E - a wand of digging (3)
 O - a wand of acid (8)
 P - a wand of iceblast (12)
Scrolls
 e - 4 scrolls of blinking {unknown}
 f - 2 scrolls of amnesia {unknown}
 g - 2 scrolls of enchant weapon
 h - a scroll of fog
 i - a scroll of teleportation {unknown}
 k - 5 scrolls of enchant armour
 m - a scroll of holy word
 o - 3 scrolls of acquirement {unknown}
 v - a scroll of noise
 F - 4 scrolls of brand weapon {unknown}
 Q - a scroll of fear {unknown}
 R - a scroll of summoning
 V - a scroll of vulnerability {unknown}
 X - a scroll of immolation
Potions
 l - 5 potions of flight
 p - 2 potions of heal wounds {unknown}
 u - 3 potions of ambrosia {unknown}
 A - 3 potions of mutation {unknown}
 D - a potion of might
 K - 2 potions of haste {unknown}
 L - 2 potions of curing
 N - a potion of invisibility
 S - 2 potions of brilliance {unknown}
 T - a potion of attraction
 Z - a potion of degeneration {unknown}


   Skills:
 - Level 6.1 Fighting
 - Level 6.0 Short Blades
 + Level 11.5 Bows
 - Level 2.0 Armour
 - Level 4.1 Dodging
 - Level 10.5 Stealth
 - Level 6.6 Spellcasting
 - Level 6.6 Fire Magic
 - Level 5.0 Air Magic
 - Level 4.0 Evocations


You had 19 spell levels left.
You knew the following spells:

 Your Spells              Type           Power      Damage    Failure   Level
a - Scorch                Fire           80%        2d9       1%          2
b - Swiftness             Air            21%        N/A       6%          3

Your spell library contained the following spells:

 Spells                   Type           Power      Damage    Failure   Level
 Shock                    Conj/Air       52%        1d6       6%          1
 Poisonous Vapours        Pois/Air       26%        N/A       9%          2
 Sting                    Tmut/Pois      20%        1d4       16%         1
 Airstrike                Air            10%        N/A       21%         4
 Gell's Gravitas          Tloc           2%         N/A       43%         3
 Teleport Other           Tloc           5%         N/A       43%         3
 Summon Lightning Spire   Summ/Air       13%        N/A       50%         4
 Leda's Liquefaction      Hex/Erth       2%         N/A       85%         4
 Olgreb's Toxic Radiance  Pois           5%         N/A       85%         4
 Passage of Golubria      Tloc           N/A        N/A       85%         4
 Lightning Bolt           Conj/Air       6%         1d18      85%         5
 Silence                  Hex/Air        6%         N/A       85%         5
 Alistair's Intoxication  Tmut/Pois      3%         N/A       99%         5
 Borgnjor's Vile Clutch   Necr/Erth      2%         N/A       99%         5
 Lee's Rapid Deconstruct  Erth           2%         3d6*      99%         5
 Dispersal                Tloc           2%         N/A       100%        6
 Eringya's Noxious Bog    Tmut/Pois      2%         N/A       100%        6
 Statue Form              Tmut/Erth      3%         N/A       100%        6
 Ozocubu's Refrigeration  Ice            2%         4d5       100%        7
 Ignition                 Fire           20%        3d7       100%        8
 Lehudib's Crystal Spear  Conj/Erth      2%         10d2      100%        8


Dungeon Overview and Level Annotations

Branches:
Dungeon (11/15)            Temple (0/1) D:6            Lair (4/6) D:10
  Swamp (0/4) Lair:3        Snake (0/4) Lair:2          Orc (0/2) D:10

Altars:
Cheibriados
Dithmenos
Gozag
Trog
Uskayaw
Vehumet
Wu Jian
Yredelemnul

Shops:
D:4 ((([   D:10 (

Annotations:
D:3 Edmund, Natasha
D:8 3 runed translucent doors, HuGe's ghost, novice HOBe; robertstho's ghost, novice MiBe; spiderkeys's ghost, novice OpAK
D:10 exclusions: deep elf pyromancer, 2 deep elf zephyrmancers, two-headed ogre and wizard
D:11 exclusions: door and skeletal warrior
Lair:1 exclusion: boulder beetle


Innate Abilities, Weirdness & Mutations

You have razor-sharp teeth.
Your natural rate of healing is unusually fast.
When hurt, damage is shared between your health and your magic reserves.
Your bite disrupts and absorbs the magic of your enemies.
Potions cannot restore your health.


Message History

Fire: 248 arrows
Press: ? - help, Q - select action, (/) - cycle Shift-Dir - straight line, f/p - torpor snail
Aim: a torpor snail (moderately wounded, 95% to hit)
You shoot an arrow. The arrow barely misses the death yak.
The arrow pierces through the torpor snail!!
Lightning courses through the torpor snail!
The torpor snail is almost dead.
The death yak gores you! The death yak gores you.
Fire: 247 arrows
Press: ? - help, Q - select action, (/) - cycle Shift-Dir - straight line, f - death yak, p - torpor snail
Aim: a death yak (lightly wounded, 85% to hit)
You shoot an arrow.
The arrow pierces through the death yak!
The death yak is moderately wounded.
The arrow pierces through the torpor snail!
Lightning courses through the torpor snail!
The torpor snail is moderately wounded.
The death yak gores you.
The death yak snorts and paws the ground.
The death yak gores you. The torpor snail bites you.
Fire: 246 arrows
Press: ? - help, Q - select action, (/) - cycle Shift-Dir - straight line, f - dream sheep, p - death yak
Aim: a dream sheep (73% to hit)
You shoot an arrow.
The arrow pierces through the death yak but does no damage.
The death yak is moderately wounded.
The arrow pierces through the torpor snail but does no damage.
Lightning courses through the torpor snail!
The torpor snail is severely wounded.
The arrow pierces through the dream sheep!
The dream sheep is moderately wounded.
The death yak gores you but does no damage.
The torpor snail barely misses you. The death yak gores you!
You begin to rise into the air.
The torpor snail bites you!!
* * * LOW HITPOINT WARNING * * *
The death yak gores you!
* * * LOW HITPOINT WARNING * * *
The dream sheep barely misses you. The death yak gores you!!
You die... ..##...##....# .............# ###P.........# ### # ###...#....###.#### ##.#............# ### #########.#...P# PP#

#.............#
..#
##.......#....###
..#
##........@.....#
..##
#...##≈..#YY....##
...# #...
##..#ww.....#
....# #...
#..#........ ...P#
##..###..(........
...##
#..≈##w.#..P.....
...#
##.........##...#
...# #..Y...=#..#
#..# ...#
#.#.#....#(.# ##.


You could see a death yak, 2 torpor snails and a dream sheep.

Vanquished Creatures
  5 hydras
  A catoblepas (Lair:2)
  A two-headed ogre (D:9)
  A tengu warrior (D:9)
  A bog body (Lair:3)
  Pikel (D:8)
  3 black mambas
  3 cane toads
  A rime drake (Lair:1)
  9 komodo dragons
  A yaktaur (D:11)
  2 polar bears (Lair:3)
  2 trolls (D:8)
  3 wyverns
  A shadow (D:9)
  31 yaks
  A basilisk (Lair:2)
  2 steam dragons
  3 vampire mosquitoes (D:10)
  5 water moccasins
  A sky beast (D:6)
  An ice beast (D:6)
  3 black bears
  2 orc warriors
  A black bear (shapeshifter) (D:10)
  A wolf (Lair:4)
  A centaur (D:9)
  3 lemures
  3 kobold brigands
  7 bullfrogs
  6 scorpions
  A wyvern skeleton (D:6)
  A water moccasin skeleton (D:4)
  20 killer bees
  5 wights
  6 howler monkeys
  A centaur zombie (D:9)
  4 jellies
  Crazy Yiuf (D:4)
  2 centaur skeletons
  2 hounds
  An orc priest (D:4)
  3 gnoll shamans
  3 iguanas (D:4)
  Ijyb (D:4)
  Natasha (twice) (D:3)
  8 orc wizards
  A howler monkey zombie (D:9)
  16 gnolls
  8 adders
  2 white imps
  An adder skeleton (D:4)
  3 worms
  A dart slug (D:4)
  26 orcs
  6 endoplasms
  A giant cockroach (D:4)
  7 hobgoblins
  16 kobolds
  2 quokkas (D:3)
  2 ball pythons (D:1)
  5 bats
  4 frilled lizards
  2 goblins (D:2)
  2 rats
272 creatures vanquished.

Vanquished Creatures (others)
  Erolcha (D:9)
  A two-headed ogre (D:9)
  Erica (D:9)
  An ugly thing (D:9)
  A manticore (D:9)
  2 yaks (D:9)
  52 foxfires
  8 fungi
  9 plants
76 creatures vanquished.

Grand Total: 348 creatures vanquished

Notes
Turn   | Place    | Note
-------+----------+-------------------------------------------
     0 | D:1      | shoop the Vine Stalker Cinder Acolyte began the quest for
                  | the Orb.
     0 | D:1      | Reached XP level 1. HP: 11/11 MP: 3/3
   175 | D:1      | Reached skill level 1 in Stealth
   227 | D:1      | Reached XP level 2. HP: 4/16 MP: 1/4
   230 | D:1      | Learned a level 2 spell: Scorch
   476 | D:1      | Found a faded altar of an unknown god.
  1181 | D:2      | Reached XP level 3. HP: 12/19 MP: 2/5
  1868 | D:2      | Gained mutation: Your natural rate of healing is unusually
                  | fast. [Vine Stalker growth]
  1868 | D:2      | Reached XP level 4. HP: 21/24 MP: 6/6
  1915 | D:3      | Reached skill level 1 in Dodging
  1996 | D:3      | Reached XP level 5. HP: 28/28 MP: 4/7
  2510 | D:3      | Noticed Natasha
  2676 | D:3      | Killed Natasha
  2704 | D:4      | Reached XP level 6. HP: 32/32 MP: 8/8
  2794 | D:4      | Found Wodar's Armour Shop.
  2811 | D:4      | Noticed Ijyb
  2894 | D:4      | Reached skill level 5 in Short Blades
  3012 | D:4      | Identified the ring of Free Will {Fire rN++ Str-2 Dex+4}
  3019 | D:4      | Found Irhoes's Weapon Shop.
  3081 | D:3      | Noticed Natasha
  3084 | D:3      | Killed Natasha
  3209 | D:4      | Noticed Edmund
  3209 | D:4      | Found Xaeg's Weapon Boutique.
  3218 | D:3      | Noticed Natasha
  3378 | D:4      | Reached XP level 7. HP: 5/37 MP: 2/9
  3382 | D:4      | HP: 1/37 [poisoned by a scorpion]
  3489 | D:4      | Found a runed translucent door.
  3490 | D:4      | Noticed Crazy Yiuf
  3807 | D:4      | Found Ozxacruune's Antique Weapon Boutique.
  4383 | D:5      | Entered Level 5 of the Dungeon
  4437 | D:5      | Noticed a troll
  4459 | D:5      | Reached skill level 5 in Fighting
  4542 | D:5      | Found a radiant altar of Vehumet.
  4860 | D:4      | Killed Crazy Yiuf
  5107 | D:6      | Gained mutation: You have razor-sharp teeth. [Vine Stalker
                  | growth]
  5107 | D:6      | Reached XP level 8. HP: 39/44 MP: 8/11
  5148 | D:6      | Found a staircase to the Ecumenical Temple.
  5446 | D:6      | Identified the +1 leather armour of Dithmenos's Reproof
                  | {Drain rN+++ Int-2 Stlth+}
  5639 | D:6      | Found an opulent altar of Gozag.
  5639 | D:6      | Found a basalt altar of Yredelemnul.
  5785 | D:7      | Found a shadowy altar of Dithmenos.
  5801 | D:7      | Reached skill level 5 in Fire Magic
  5801 | D:7      | Reached XP level 9. HP: 40/48 MP: 12/15
  6081 | D:7      | Reached skill level 5 in Stealth
  6834 | D:4      | Killed Ijyb
  7216 | D:8      | Found a runed translucent gate.
  7216 | D:8      | Found a runed translucent gate.
  7216 | D:8      | Found a runed translucent gate.
  7223 | D:8      | Noticed robertstho's ghost (novice MiBe)
  7223 | D:8      | Noticed spiderkeys's ghost (novice OpAK)
  7224 | D:8      | Noticed HuGe's ghost (novice HOBe)
  7284 | D:8      | Learned a level 3 spell: Swiftness
  7343 | D:8      | Reached skill level 1 in Air Magic
  7487 | D:9      | Noticed Erolcha
  7487 | D:9      | Noticed a troll
  7487 | D:9      | Noticed a two-headed ogre
  7564 | D:7      | Reached XP level 10. HP: 53/53 MP: 9/17
  7625 | D:8      | Found a bloodstained altar of Trog.
  7630 | D:8      | Found a hide-covered altar of Uskayaw.
  7634 | D:8      | Found a snail-covered altar of Cheibriados.
  7920 | D:9      | Reached skill level 5 in Spellcasting
  7966 | D:9      | Noticed Pikel
  8060 | D:8      | Reached skill level 5 in Air Magic
  8466 | D:8      | Killed Pikel
  8785 | D:10     | Entered Level 10 of the Dungeon
  8802 | D:10     | Reached skill level 10 in Stealth
  8916 | D:9      | Killed Erolcha
  8943 | D:9      | Killed a two-headed ogre
  8944 | D:9      | Reached XP level 11. HP: 48/56 MP: 13/20
  8963 | D:9      | Noticed Erica
  9000 | D:9      | Killed Erica
  9222 | D:9      | Noticed a manticore
  9365 | D:9      | Killed a manticore
  9529 | D:9      | Noticed a four-headed hydra
  9590 | D:9      | Killed a four-headed hydra
  9638 | D:9      | Noticed a green ugly thing
  9708 | D:9      | Killed a green ugly thing
  9806 | D:9      | Noticed a tengu warrior
  9856 | D:9      | Killed a tengu warrior
  9857 | D:9      | Reached skill level 1 in Armour
  9914 | D:9      | Noticed a two-headed ogre
 10012 | D:9      | Killed a two-headed ogre
 10191 | D:4      | Bought the +8 storm bow {elec, penet} for 814 gold pieces
 10191 | D:4      | Found the +8 storm bow {elec, penet}
 10679 | D:10     | Found a staircase to the Orcish Mines.
 10681 | D:10     | Found Xuvuw's Weapon Shoppe.
 10775 | D:10     | Noticed a two-headed ogre
 10932 | D:10     | Found a staircase to the Lair.
 10946 | D:10     | Reached skill level 1 in Bows
 11002 | D:10     | Reached skill level 2 in Bows
 11094 | D:10     | Noticed a deep elf zephyrmancer
 11218 | D:10     | Noticed a wizard
 11427 | D:10     | Noticed a deep elf zephyrmancer
 11480 | D:10     | Noticed a deep elf pyromancer
 11529 | D:11     | Noticed a manticore
 11598 | D:11     | Noticed a deep elf pyromancer
 11624 | D:11     | Noticed a skeletal warrior
 11687 | D:11     | Reached skill level 3 in Bows
 11774 | Lair:1   | Entered Level 1 of the Lair of Beasts
 11894 | Lair:1   | Reached skill level 4 in Bows
 12093 | Lair:1   | Reached skill level 5 in Bows
 12348 | Lair:1   | Found a hide-covered altar of Uskayaw.
 12348 | Lair:1   | Found an ornate altar of the Wu Jian Council.
 12348 | Lair:1   | Noticed a boulder beetle
 12665 | Lair:1   | Reached skill level 6 in Bows
 12825 | Lair:2   | Noticed a five-headed hydra
 12834 | Lair:2   | Killed a five-headed hydra
 13003 | Lair:2   | Reached skill level 7 in Bows
 13042 | Lair:2   | Reached XP level 12. HP: 61/61 MP: 18/22
 13199 | Lair:2   | Reached skill level 8 in Bows
 13438 | Lair:2   | Found a staircase to the Snake Pit.
 13547 | Lair:2   | Reached skill level 9 in Bows
 13592 | Lair:2   | Noticed a catoblepas
 13609 | Lair:2   | Killed a catoblepas
 13610 | Lair:2   | Reached skill level 10 in Bows
 13992 | Lair:3   | Noticed a five-headed hydra
 14000 | Lair:3   | Killed a five-headed hydra
 14062 | Lair:3   | Found a staircase to the Swamp.
 14237 | Lair:3   | Noticed a six-headed hydra
 14244 | Lair:3   | Killed a six-headed hydra
 14245 | Lair:3   | Reached skill level 11 in Bows
 14857 | Lair:4   | Noticed an eight-headed hydra
 14864 | Lair:4   | Killed an eight-headed hydra
 14960 | Lair:4   | Noticed a death yak
 14975 | Lair:4   | Mangled by a death yak

Illustrated notes

Levels and vault maps discovered:
D:1:      lemuel_arrival_hallway, layout_basic,
          ebering_ecumenical_altar_abandoned
D:2:      layout_basic, grunt_ministairs_1
D:3:      layout_basic, minmay_surrounded, uniq_natasha
D:4:      layout_layer_cave, serial_shops, shop, shop_statue,
          nicolae_shop_temple_entry_statues_fountains, shop, uniq_ijyb,
          uniq_crazy_yiuf_cottage, uniq_edmund
D:5:      layout_loops_ring, mainiacjoe_overflow_six_doors_small
D:6:      layout_rooms, gammafunk_temple_overflow_wave,
          minmay_temple_entry_grid, serial_bayou_crossing
D:7:      layout_loops_cross, hangedman_abyss_or_decor_stabs, roderic_lattice_a,
          kennysheep_small_circle
D:8:      layout_rooms, minitemple, gammafunk_ghost_cemetery
D:9:      minmay_chambers_of_sixes, layout_gridville, lemuel_flame_loot_1,
          uniq_erolcha, uniq_erica, uniq_pikel
D:10:     layout_cave_pods, david_lair_shrubbed, orc_david_3,
          bh_hangedman_babel_library
D:11:     layout_loops_ring, serial_shops, shop,
          dilly_guarded_unrand_elemental_staff
Lair:1:   layout_concentric_octagons, minmay_holes,
          nzn_masters_of_martial_movement
Lair:2:   layout_regular_city, dummy_snake_entry, minivault_26,
          lemuel_fruit_tree
Lair:3:   layout_concentric_octagons, skrybe_swamp_entry_bodies
Lair:4:   layout_cave_pods, hangedman_lair_generics_rect

Skill      XL: |  1  2  3  4  5  6  7  8  9 10 11 12 |
---------------+-------------------------------------+-----
Stealth        | 1 2 3 6 10 | 10.5
Short Blades   | 3 4 5 6 |  6.0
Fighting       | 3 5 6 |  6.1
Dodging        | 1 2 3 4 |  4.1
Spellcasting   | 3 4 5 6 |  6.6
Fire Magic     | 5 6 |  6.6
Evocations     | 4 |  4.0
Air Magic      | 3 5 |  5.0
Armour         | 2 |  2.0
Bows           | 7 11 | 11.5

Action                   |  1- 3 |  4- 6 |  7- 9 | 10-12 || total
-------------------------+-------+-------+-------+-------++-------
Melee: Short sword       |    59 |    60 |   154 |    27 ||   300
       Bite              |     6 |    11 |    33 |     8 ||    58
 Fire: Longbow           |       |       |       |    60 ||    60
Throw: Throwing net      |       |       |     1 |       ||     1
 Cast: Scorch            |    13 |    53 |   147 |   350 ||   563
Invok: Foxfire Swarm     |       |     1 |       |     2 ||     3
       Sea of Fire       |       |       |     1 |       ||     1
       Rising Flame      |       |       |       |     1 ||     1
  Use: Potion            |       |     2 |       |     1 ||     3
       Scroll            |       |       |     2 |     8 ||    10
 Stab: Sleeping          |     5 |     1 |     1 |     3 ||    10
       Invisible         |       |     1 |       |       ||     1
       Held in net/web   |       |       |     2 |       ||     2
Armor: Robe              |    20 |    11 |    57 |    13 ||   101
       Troll leather arm |       |       |       |    55 ||    55
Dodge: Dodged            |    38 |    38 |   118 |   152 ||   346

Table legend: (Time is in decaauts)
 A = Elapsed time spent in this place.
 B = Non-inter-level travel time spent in this place.
 C = Inter-level travel time spent in this place.
 D = Time resting spent in this place.
 E = Time spent auto-exploring this place.
 F = Levels seen in this place.
 G = Mean time per level.
                   A        B        C        D        E       F      G
               +--------+--------+--------+--------+--------+-----+--------+
         Total |  15011 |  13527 |   1484 |    670 |   9239 |  15 | 1000.7 |
       Dungeon |  11968 |  10700 |   1268 |    578 |   7028 |  11 | 1088.0 |
          Lair |   3042 |   2826 |    216 |     92 |   2211 |   4 |  760.5 |
               +--------+--------+--------+--------+--------+-----+--------+

Top non-repeatable levels by time:
     D:4: 1690 daAuts
     D:9: 1645 daAuts
    D:10: 1370 daAuts
     D:8: 1263 daAuts
     D:7: 1247 daAuts
  Lair:2: 1091 daAuts
     D:2: 1029 daAuts
     D:1: 1001 daAuts
     D:3: 951 daAuts
  Lair:1: 926 daAuts
     D:5: 876 daAuts
  Lair:3: 870 daAuts
     D:6: 729 daAuts
    D:11: 162 daAuts
  Lair:4: 154 daAuts
